 Dungeon Crawl Stone Soup version 0.15.0-12-gccce430 (webtiles) character file.

1272 Patate the Hoplite (level 8, 0/52 HPs)
             Began as a Gargoyle Fighter on Sept 1, 2014.
             Slain by an ogre
             ... wielding a +0 giant spiked club
              (26 damage)
             ... on Level 5 of the Dungeon.
             The game lasted 00:33:14 (6601 turns).

Patate the Hoplite (Gargoyle Fighter)               Turns: 6601, Time: 00:33:15

HP   0/52        AC 16     Str 22      XL: 8   Next: 53%
MP   8/8         EV  6     Int  9      God:
Gold 344         SH 11     Dex  9      Spells:  0 memorised,  7 levels left

rFire  . . .     SeeInvis .     a - +0 flail
rCold  . . .     Clarity  .     B - +0 chain mail
rNeg   + . .     rCorr    .     c - +0 shield
rPois  +         rRot     +     (no helmet)
rElec  +         Spirit   .     r - +0 cloak
SustAb .         Warding  .     (no gloves)
rMut   .         Stasis   .     (no boots)
Gourm  .                        (no amulet)
MR     .....                    (no ring)
                                (no ring)

@: not resistant to hostile enchantments, extremely unstealthy
A: negative energy resistance 1, electricity resistance, unbreathing,
petrification resistance, rot immunity, AC +5
a: no special abilities


You were on level 5 of the Dungeon.
You were very hungry.

You visited 1 branch of the dungeon, and saw 6 of its levels.

You collected 344 gold pieces.

Inventory:

Hand weapons
 a - a +0 flail (weapon)
Armour
 c - a +0 shield (worn)
 r - a +0 cloak (worn)
 B - a +0 chain mail (worn)
Magical devices
 u - a wand of paralysis (13) {unknown}
 z - a wand of invisibility (5) {unknown}
Comestibles
 b - 2 rotting chunks of orc flesh
 d - 4 bread rations
 h - 2 beef jerkies
 n - 5 meat rations
 t - a royal jelly
Scrolls
 f - 4 scrolls of identify {unknown}
 i - 5 scrolls of remove curse {unknown}
 j - 4 scrolls of random uselessness {unknown}
 k - 4 scrolls of teleportation {unknown}
 l - a scroll of blinking {unknown}
 s - 2 scrolls of fog {unknown}
 y - a scroll of enchant armour {unknown}
 A - a scroll of immolation {unknown}
Jewellery
 g - an uncursed amulet of stasis {unknown}
 m - an uncursed amulet of rage {unknown}
 v - a cursed ring of fire {unknown}
 x - a cursed ring of teleportation {unknown}
Potions
 e - 2 potions of might
 o - 2 potions of resistance
 q - 2 potions of curing


   Skills:
 * Level 6.8 Fighting
 + Level 4.0 Maces & Flails
 + Level 5.0 Armour
 - Level 8.1 Shields


You had 7 spell levels left.
You didn't know any spells.

Dungeon Overview and Level Annotations

Branches:
Dungeon (6/15)
 Temple: D:4-7

Altars:
Vehumet
Yredelemnul
The Shining One


Innate Abilities, Weirdness & Mutations

You are resistant to torment.
You are immune to poison.
Your stone body is very resilient (AC +5).
You resist negative energy.
You are resistant to electric shocks.
You can survive without breathing.
You are immune to petrification.
You are immune to rotting.


Message History

The centaur unwields an uncursed shortbow.
The centaur hits you but does no damage. x2
You block the ogre's attack.
You hit the ogre.
The ogre is lightly wounded.
The centaur hits you but does no damage.
The centaur hits you. The ogre barely misses you.
You sock the ogre!
The ogre is moderately wounded.
You block the centaur's attack. The centaur hits you.
You hit the ogre.
The ogre is heavily wounded.
The ogre hits you with a giant spiked club!!
The centaur hits you but does no damage.
You sock the ogre!
The ogre is severely wounded.
You block the centaur's attack.
The ogre hits you with a giant spiked club!!
Ouch! That really hurt!
You die...

####.....###....###### #.....
.........'...........## #.....
.###.....###....####..# #..... .#
#.....# #....# ##.## #..... .#
#.....# #....# #..# #..... .#
####### #....# ##.# #..... .#
#....# #.# #.....
.###########...O######.#####.....
........)......c@(...............
######################..######.##
# ######## #..# #.# # #......#
###########..# #.## ###.####.#
#.........##.# #...
....####.###.##......##[#########
...###........#.^.≈.≈#...........
...'.#.#.####.#P≈..≈^#..########.
...#.#.#......##P.≈P.#..# #.


You could see an ogre and a centaur.

Vanquished Creatures
  The ghost of hackum the Shield-Bearer, an average FoFi (D:4)
  2 steam dragons (D:5)
  Edmund (D:5)
  An ogre (D:5)
  A crocodile (D:5)
  A scorpion (D:3)
  2 crimson imps
  2 orc priests (D:5)
  A hound (D:4)
  4 orc wizards
  3 worker ants
  6 adders
  A giant mite (D:3)
  5 worms
  An adder zombie (D:5)
  2 giant geckos (D:4)
  An ooze (D:4)
  21 orcs
  7 bats
  7 giant cockroaches
  11 goblins
  9 hobgoblins
  A quokka (D:4)
  A ball python (D:2)
  4 giant newts
  2 gnoll zombies (D:2)
  A goblin zombie (D:5)
  A hobgoblin skeleton (D:4)
  11 kobolds
  8 rats
  A plant (D:3)
120 creatures vanquished.

Vanquished Creatures (others)
  A worm (D:2)
  A giant cockroach (D:2)
  A hobgoblin (D:2)
3 creatures vanquished.

Grand Total: 123 creatures vanquished

Notes
Turn   | Place    | Note
--------------------------------------------------------------
     0 | D:1      | Patate, the Gargoyle Fighter, began the quest for the Orb.
     0 | D:1      | Reached XP level 1. HP: 14/14 MP: 1/1
   443 | D:1      | Reached XP level 2. HP: 19/19 MP: 2/2
   885 | D:2      | Found a radiant altar of Vehumet.
  1058 | D:2      | Reached skill level 4 in Shields
  1058 | D:2      | Reached XP level 3. HP: 20/24 MP: 3/3
  1613 | D:2      | Found a basalt altar of Yredelemnul.
  2080 | D:3      | Reached XP level 4. HP: 29/29 MP: 4/4
  2281 | D:3      | Reached skill level 5 in Shields
  2596 | D:3      | Found a glowing golden altar of the Shining One.
  2940 | D:4      | Noticed hackum's ghost (average FoFi)
  2948 | D:3      | Reached XP level 5. HP: 28/33 MP: 5/5
  3135 | D:4      | Reached skill level 6 in Shields
  3535 | D:4      | Killed hackum's ghost
  3535 | D:4      | Reached skill level 7 in Shields
  3535 | D:4      | Reached XP level 6. HP: 19/38 MP: 6/6
  4317 | D:4      | Reached skill level 8 in Shields
  4317 | D:4      | Reached XP level 7. HP: 43/43 MP: 7/7
  4488 | D:5      | Entered Level 5 of the Dungeon
  4912 | D:5      | Noticed a steam dragon
  4913 | D:5      | Noticed a steam dragon
  4925 | D:5      | Killed a steam dragon
  4925 | D:5      | Reached skill level 5 in Fighting
  4932 | D:5      | Killed a steam dragon
  4932 | D:5      | Reached XP level 8. HP: 9/50 MP: 8/8
  5850 | D:5      | Noticed Edmund
  5886 | D:5      | Killed Edmund
  5960 | D:5      | HP: 2/52 [orc priest/war axe (5)]
  6375 | D:5      | Reached skill level 5 in Armour
  6601 | D:5      | Slain by an ogre

Action                   |  1- 3 |  4- 6 |  7- 9 || total
-------------------------+-------+-------+-------++-------
Melee: Flail             |   173 |   354 |   255 ||   782
  Use: Potion            |     2 |     6 |     2 ||    10
 Stab: Distracted        |       |       |     1 ||     1
  Eat: Chunk             |     3 |     9 |     8 ||    20
